 Dungeon Crawl Stone Soup version 0.25-a0-435-g4b9beb1024 (webtiles) character file.

Game seed: 11280880333286919039, levelgen mode: deterministic

18 Nattfarinn the Caller (level 2, 0/21 HPs)
             Began as a Barachi Summoner on Jan 27, 2020.
             Slain by a leopard gecko (3 damage)
             ... on level 1 of the Dungeon.
             The game lasted 00:01:41 (1188 turns).

Nattfarinn the Caller (Barachi Summoner)            Turns: 1188, Time: 00:01:42

Health: 0/21       AC:  3    Str:  9    XL:     2   Next: 66%
Magic:  1/5        EV: 12    Int: 15    God:
Gold:   75         SH:  0    Dex: 12    Spells: 2/5 levels left

rFire    . . .     SeeInvis .   d - +0 dagger
rCold    . . .     Gourm    .   (no shield)
rNeg     . . .     Faith    .   a - +0 robe
rPois    .         Spirit   .   g - +0 helmet
rElec    .         Reflect  .   (no cloak)
rCorr    .         Harm     .   (no gloves)
MR       .....                  (no boots)
Stlth    ++........             (no amulet)
HPRegen  0.07/turn              (no ring)
MPRegen  0.09/turn              (no ring)

@: slow
A: +LOS, swims, slowness 1, strong legs 1
a: Hop


You were on level 1 of the Dungeon.
You were not hungry.

You visited 1 branch of the dungeon, and saw 1 of its levels.

You collected 75 gold pieces.

Inventory:

Hand Weapons
 d - a +0 dagger (weapon)
Armour
 a - a +0 robe (worn)
 g - a +0 helmet (worn)
Scrolls
 b - a scroll of identify {unknown}
Potions
 e - a potion of magic {unknown}
Comestibles
 c - 2 rations
 f - 3 chunks of flesh


   Skills:
 * Level 1.2 Fighting
 * Level 1.3 Armour
 + Level 2.3 Dodging
 - Level 1.7 Stealth
 + Level 2.3 Spellcasting
 * Level 5.0 Summonings


You had 2 spell levels left.
You knew the following spells:

 Your Spells              Type           Power        Failure   Level  Hunger
a - Summon Small Mammal   Summ           ###.         2%          1    #......
b - Call Imp              Summ           ###.....     4%          2    ###....

Your spell library contained the following spells:

 Spells                   Type           Power        Failure   Level  Hunger
 Call Canine Familiar     Summ           ###.....     9%          3    ###....
 Summon Guardian Golem    Hex/Summ       #.......     22%         3    ###....
 Summon Ice Beast         Ice/Summ       #.......     58%         4    #####..
 Summon Lightning Spire   Summ/Air       #.......     58%         4    #####..


Dungeon Overview and Level Annotations

Branches:
Dungeon (1/15)

Altars:


Innate Abilities, Weirdness & Mutations

You can be seen from farther away. (+LOS)
You can swim through water.
You cover ground slowly.
You can hop short distances.


Message History

Casting: Call Imp (safe; 4% risk of failure)
Confirm with . or Enter, or press ? or * to list all spells.
A beastly little devil appears in a puff of flame.
The bat closely misses your crimson imp.
The bat hits your crimson imp but does no damage.
The bat hits your crimson imp. The leopard gecko bites you.
* * * LOW HITPOINT WARNING * * *
The bat closely misses you.
The bat hits your crimson imp but does no damage.
Your crimson imp barely misses the bat.
The bat hits you but does no damage.
Your crimson imp hits the bat.
Casting: Call Imp (safe; 4% risk of failure)
Confirm with . or Enter, or press ? or * to list all spells.
A beastly little devil appears in a puff of flame.
The leopard gecko bites you.
* * * LOW HITPOINT WARNING * * *
Your crimson imp hits the bat.
The bat dies!
The leopard gecko bites you.
You die...

.. ....................
.............#...####.
#..##..##...#...# #.
..##..##...#...# #. ##+#####
#.. #..##.########+
........##..##..##.#........
.......... #.<##............
..........##5.##............
........ #.@##..###.........
.......)##l.##..###.........
........5.##..##..##........
..........##..##..##..##+##.
..............#######'##....
........####.## #......#.
........ #.# #......#.
........ ..# #......#.
........ ..# #......#.


You could see a leopard gecko and 2 friendly crimson imps.

Vanquished Creatures
  A bat (D:1)
  4 goblins (D:1)
  A hobgoblin (D:1)
  3 kobolds (D:1)
  A frilled lizard (D:1)
10 creatures vanquished.

Vanquished Creatures (collateral kills)
  2 goblins (D:1)
  3 hobgoblins (D:1)
  A bat (D:1)
  A kobold (D:1)
7 creatures vanquished.

Grand Total: 17 creatures vanquished

Notes
Turn   | Place    | Note
-------+----------+-------------------------------------------
     0 | D:1      | Nattfarinn the Barachi Summoner began the quest for the
                  | Orb.
     0 | D:1      | Reached XP level 1. HP: 13/13 MP: 3/3
   854 | D:1      | Reached XP level 2. HP: 18/20 MP: 5/5
   870 | D:1      | Learned a level 2 spell: Call Imp
   885 | D:1      | Reached skill level 1 in Armour
  1033 | D:1      | Reached skill level 1 in Fighting
  1033 | D:1      | Reached skill level 5 in Summonings
  1188 | D:1      | Slain by a leopard gecko

Levels and vault maps discovered:
D:1:      lightli_iron_boxes, layout_basic

Skill      XL: |  1  2 |
---------------+-------+-----
Armour         | 1 |  1.3
Fighting       | 1 |  1.2
Summonings     | 5 |  5.0
Dodging        | |  2.3
Stealth        | |  1.7
Spellcasting   | |  2.3

Action                   || total
-------------------------++-------
Melee: Dagger            ||    57
       Unarmed           ||     9
 Cast: Summon Small Mamm ||     3
       Call Imp          ||     6
  Eat: Chunk             ||     1
Armor: Robe              ||    14
Dodge: Dodged            ||    48

Table legend:
 A = Non-vault XP
 B = Vault XP
 C = Vault XP percentage of total XP
 D = Non-vault monster count
 E = Vault monster count
 F = Vault count percentage of total count
                 A         B        C        D         E       F
            +---------+---------+-------+---------+---------+-------
      Total |      26 |       0 |   0.0 |      17 |       0 |   0.0
            +---------+---------+-------+---------+---------+-------
        D:1 |      26 |       0 |   0.0 |      17 |       0 |   0.0
            +---------+---------+-------+---------+---------+-------
